 Dungeon Crawl Stone Soup version 0.26.0-10-g1f06aea511 (webtiles) character file.

Game seed: 4163864596976081338

116 Dracia the Stinger (level 5, -2/42 HPs)
             Began as a Naga Venom Mage on Jan 20, 2021.
             Was an Initiate of Cheibriados.
             Slain by a gnoll
             ... wielding a +0 spear
              (8 damage)
             ... on level 3 of the Dungeon.
             The game lasted 00:05:49 (2696 turns).

Dracia the Stinger (Naga Venom Mage)                Turns: 2696, Time: 00:05:50

Health: -2/42      AC:  2    Str: 11    XL:     5   Next: 1%
Magic:  1/8        EV: 14    Int: 18    God:    Cheibriados [......]
Gold:   118        SH:  0    Dex: 12    Spells: 2/8 levels left

rFire    + . .     SeeInvis +   i - -2 short sword (curse)
rCold    + . .     Faith    .   (no shield)
rNeg     . . .     Spirit   .   a - +0 robe
rPois    +         Reflect  .   (no helmet)
rElec    .         Harm     .   n - scarf {rC+ rF+}
rCorr    .         Rampage  .   (no gloves)
Will     .....                  (no barding)
Stlth    ++........             (no amulet)
HPRegen  0.14/turn              E - +4 ring of evasion
MPRegen  0.11/turn              (no ring)

@: very slow
A: large, see invisible, deformed body, poison resistance, slowness 2, spit
poison 1, AC +1
a: Spit Poison, Renounce Religion, Bend Time


You were on level 3 of the Dungeon.
You worshipped Cheibriados.
Cheibriados was noncommittal.
You visited 1 branch of the dungeon, and saw 3 of its levels.

You collected 118 gold pieces.


Innate Abilities, Weirdness & Mutations

You cannot wear boots.
Your serpentine skin is tough. (AC +1)
You have supernaturally acute eyesight. (SInv)
Armour fits poorly on your strangely shaped body.
Your system is resistant to poisons. (rPois)
You cover ground very slowly.
You can spit poison.


   Skills:
 - Level 1.5 Dodging
 - Level 3.0 Stealth
 - Level 2.0 Spellcasting
 - Level 1.0 Transmutations
 + Level 7.3 Poison Magic


You had 2 spell levels left.
You knew the following spells:

 Your Spells              Type           Power        Failure   Level
m - Mephitic Cloud        Conj/Pois/Air  10%          21%         3
p - Poisonous Vapours     Pois/Air       30%          6%          2
z - Sting                 Tmut/Pois      64%          3%          1

Your spell library contained the following spells:

 Spells                   Type           Power        Failure   Level
 Olgreb's Toxic Radiance  Pois           28%          9%          4
 Ignite Poison            Fire/Tmut/Pois 11%          17%         3

Inventory:

Hand Weapons
 c - a +1 spear
 i - a cursed -2 short sword (weapon)
Missiles
 f - 8 atropa-tipped darts
 p - 15 poisoned darts
Armour
 a - a +0 robe (worn)
 n - a scarf of resistance (worn)
Jewellery
 E - a +4 ring of evasion (left hand)
 T - an uncursed amulet of faith {!P!P}
Scrolls
 b - a scroll of teleportation {@r4@r4}
 d - a scroll of fear
 g - 3 scrolls of identify {@r1@r1}
 o - 2 scrolls of remove curse {unknown}
Potions
 e - a potion of lignification
 h - a potion of mutation {unknown}
 j - a potion of resistance {unknown}
 k - a potion of curing {@q1@q1}
 l - a potion of flight {unknown}
 m - a potion of degeneration {unknown}

Dungeon Overview and Level Annotations

Branches:
Dungeon (3/15)

Altars:
Cheibriados
Dithmenos
Uskayaw

#÷≈≈≈≈≈..#
#.#......#..#..
#.≈≈≈≈≈≈.# #.#...).....
..#
#..≈≈≈P≈.###....####.###
...
...≈≈≈....#####.##.....#
#. ...≈≈≈≈...#
###.#....... ..≈≈≈≈P...#
#...#.......
##.#≈≈≈.≈..#
#......g_... #≈≈≈#...#
#.g.#g...... #≈≈≈#...#
#.#@#....!.. #≈≈##...#
#.#.##.....# #≈
##..###.†.####.###
#............)..
#.######.#######. #.#
#.# #.# ... #.# .... #.#
....#


You could see a gnoll.


Message History

* * * LOW HITPOINT WARNING * * *
The gnoll hits you but does no damage. The gnoll hits you but does no damage.
The gnoll hits you but does no damage.
Casting: Sting (safe; 3% risk of failure)
Confirm with . or Enter, or press ? or * to list all spells.
Aiming: Sting (safe; 3% risk of failure)
Press: ? - help, Shift-Dir - straight line, f/p - gnoll
Aim: a gnoll, wielding a +0 spear (moderately wounded, 23% to evade)
You miscast Sting.
You are very lightly contaminated with residual magic.
Nothing appears to happen.
The gnoll hits you but does no damage.
Unknown command.
Okay, then.
The gnoll hits you but does no damage. The gnoll hits you but does no damage.
The gnoll hits you but does no damage.
The gnoll hits you from afar with a +0 spear.
* * * LOW HITPOINT WARNING * * *
You feel less wooden.
Your scarf of resistance unmelds from your body.
Your +0 robe unmelds from your body.
You feel resistant to extremes of temperature.
The gnoll closely misses you. The gnoll misses you.
Your magical contamination has completely faded away.
You are too injured to fight recklessly!
Unknown command.
The gnoll hits you with a +0 spear!
You die...

Skill      XL: |  1  2  3  4 |
---------------+-------------+-----
Poison Magic   | 5 6 7 |  7.3
Dodging        | |  1.5
Stealth        | |  3.0
Spellcasting   | |  2.0
Transmutations | |  1.0

Action                   |  1- 3 |  4- 6 || total
-------------------------+-------+-------++-------
Melee: Spear             |    39 |       ||    39
       Short sword       |    20 |    24 ||    44
 Cast: Sting             |    50 |    25 ||    75
       Poisonous Vapours |       |     2 ||     2
 Abil: Spit Poison       |     2 |       ||     2
  Use: Scroll            |     4 |       ||     4
       Potion            |       |     2 ||     2
 Stab: Sleeping          |     2 |       ||     2
Armor: Robe              |     8 |     1 ||     9
       Skin              |       |    49 ||    49
Dodge: Dodged            |    55 |    26 ||    81

Levels and vault maps discovered:
D:1:      heliophobic_arrival_ceremonial_halls, layout_basic, chequers_jeans
D:2:      layout_loops_corners, cheibriados_altar_1, lemuel_crystal_altar
D:3:      layout_loops_cross, nicolae_overflow_hidden_temple,
          old_standard_altar, marbit_many_paths, chequers_big_river,
          hangedman_decor_growths, grunt_ministairs_14

Notes
Turn   | Place    | Note
-------+----------+-------------------------------------------
     0 | D:1      | Dracia the Naga Venom Mage began the quest for the Orb.
     0 | D:1      | Reached XP level 1. HP: 15/15 MP: 3/3
   171 | D:1      | Reached XP level 2. HP: 20/22 MP: 1/5
   273 | D:1      | Reached skill level 5 in Poison Magic
   665 | D:1      | Reached XP level 3. HP: 28/28 MP: 4/6
   668 | D:1      | Learned a level 2 spell: Poisonous Vapours
   672 | D:1      | Learned a level 3 spell: Mephitic Cloud
  1069 | D:2      | Found a shadowy altar of Dithmenos.
  1510 | D:2      | Reached skill level 6 in Poison Magic
  1689 | D:2      | Found a snail-covered altar of Cheibriados.
  1703 | D:2      | Reached XP level 4. HP: 26/36 MP: 0/7
  1707 | D:2      | Became a worshipper of Cheibriados the Contemplative
  2304 | D:3      | Identified a scarf of resistance (You found it on level 3
                  | of the Dungeon)
  2632 | D:3      | Found a hide-covered altar of Uskayaw.
  2652 | D:3      | HP: 5/54 [gnoll/+0 club (3)]
  2654 | D:3      | Reached skill level 7 in Poison Magic
  2661 | D:3      | Reached XP level 5. HP: 11/42 MP: 0/8
  2696 | D:3      | Slain by a gnoll

Vanquished Creatures
  3 gnolls (D:3)
  2 adders
  An ooze (D:2)
  An adder skeleton (D:2)
  3 worms
  3 dart slugs (D:1)
  3 leopard geckos
  A giant cockroach (D:2)
  5 goblins
  4 hobgoblins
  6 jackals
  A quokka (D:2)
  A ball python (D:3)
  4 bats
  2 frilled lizards (D:1)
  2 kobolds
  7 rats
49 creatures vanquished.

Table legend: (Time is in decaauts)
 A = Elapsed time spent in this place.
 B = Non-inter-level travel time spent in this place.
 C = Inter-level travel time spent in this place.
 D = Time resting spent in this place.
 E = Time spent auto-exploring this place.
 F = Levels seen in this place.
 G = Mean time per level.
                   A        B        C        D        E       F      G
               +--------+--------+--------+--------+--------+-----+--------+
         Total |   3387 |   3318 |     69 |    407 |   2427 |   3 | 1129.0 |
       Dungeon |   3387 |   3318 |     69 |    407 |   2427 |   3 | 1129.0 |
               +--------+--------+--------+--------+--------+-----+--------+

Top non-repeatable levels by time:
     D:2: 1835 daAuts
     D:1: 986 daAuts
     D:3: 565 daAuts

Table legend:
 A = Non-vault XP
 B = Vault XP
 C = Vault XP percentage of total XP
 D = Non-vault monster count
 E = Vault monster count
 F = Vault count percentage of total count
                 A         B        C        D         E       F
            +---------+---------+-------+---------+---------+-------
      Total |     167 |       0 |   0.0 |      49 |       0 |   0.0
            +---------+---------+-------+---------+---------+-------
        D:1 |      41 |       0 |   0.0 |      22 |       0 |   0.0
        D:2 |      55 |       0 |   0.0 |      17 |       0 |   0.0
        D:3 |      71 |       0 |   0.0 |      10 |       0 |   0.0
            +---------+---------+-------+---------+---------+-------
